 Dungeon Crawl Stone Soup version 0.20-a0-556-g892c87b (webtiles) character file.

195 polly the Covered (level 5, -5/33 HPs)
             Began as a Gargoyle Fighter on Feb 5, 2017.
             Slain by an ogre
             ... wielding a +0 giant spiked club
              (17 damage)
             ... on level 3 of the Dungeon on Feb 6, 2017.
             The game lasted 00:04:26 (2549 turns).

polly the Covered (Gargoyle Fighter)                Turns: 2549, Time: 00:04:27

Health: -5/33      AC: 17    Str: 20    XL:     5   Next: 74%
Magic:  5/5        EV:  4    Int:  9    God:
Gold:   110        SH:  9    Dex:  9    Spells: 4/4 levels left

rFire    . . .     SeeInvis .   a - +1 flail
rCold    . . .     Gourm    .   y - +0 plate armour
rNeg     + . .     Faith    .   c - +0 shield
rPois    ∞         Spirit   .   q - +0 helmet
rElec    +         Reflect  .   (no cloak)
rCorr    .         Harm     .   (no gloves)
MR       .....     Rnd*Tele +   (no boots)
Stlth    ..........             (no amulet)
Regen    0.2/turn               (no ring)
                                r - ring of teleportation (curse)

@: no status effects
A: negative energy resistance 1, electricity resistance, unbreathing,
petrification resistance, rot immunity, AC +4
a: no special abilities


You were on level 3 of the Dungeon.
You were hungry.

You visited 1 branch of the dungeon, and saw 4 of its levels.

You collected 110 gold pieces.

Inventory:

Hand Weapons
 a - a +1 flail (weapon)
Armour
 c - a +0 shield (worn)
 q - a +0 helmet (worn)
 y - a +0 plate armour (worn)
Jewellery
 r - a cursed ring of teleportation (left hand)
Scrolls
 j - a scroll of blinking {unknown}
 l - a scroll of remove curse {unknown}
 m - a scroll of teleportation {unknown}
 p - a scroll of recharging {unknown}
 u - a scroll of immolation {unknown}
 v - a scroll of noise {unknown}
 w - a scroll of enchant weapon
 z - a scroll of identify {unknown}
Potions
 b - a potion of cure mutation {unknown}
 d - 4 potions of might
 e - a potion of flight {unknown}
 g - a potion of haste {unknown}
 i - 3 potions of invisibility {unknown}
 k - a potion of curing {unknown}
 n - a potion of ambrosia {unknown}
 s - a potion of agility {unknown}
 t - a potion of berserk rage {unknown}
 x - a potion of mutation {unknown}
Comestibles
 f - 3 bread rations
 o - 2 meat rations


   Skills:
 + Level 4.0 Fighting
 + Level 3.3 Maces & Flails
 + Level 4.6 Armour
 + Level 0.8 Dodging
 + Level 0.5 Stealth
 + Level 4.2 Shields


You had 4 spell levels left.
You didn't know any spells.

Dungeon Overview and Level Annotations

Branches:
Dungeon (4/15)
 Temple: D:4-7

Altars:


Innate Abilities, Weirdness & Mutations

You are resistant to torment.
Your stone body is resilient. (AC +4)
You are immune to poison.
You resist negative energy. (rN+)
You are resistant to electric shocks. (rElec)
You can survive without breathing.
You are immune to petrification.
You are immune to rotting.


Message History

You block the jackal's attack.
The jackal bites you but does no damage.
You hit the jackal.
The jackal is almost dead.
You block the jackal's attack.
The jackal bites you but does no damage.
You thump the jackal!
You kill the jackal!
The orc hits you but does no damage.
Your shield and plate armour prevent you from hitting the orc.
The orc hits you with a flail.
You sock the orc!
You kill the orc!
The ogre hits you but does no damage.
You closely miss the ogre. You thump the ogre!
The ogre is moderately wounded.
The ogre hits you with a giant spiked club!
Ouch! That really hurt!
You die...

#####.....# #.....##..........#.#
#...#.##..# ########......#.#.#.#
#.#.#.##..# #....#######.#...#.#
..#...##..# #.##.#.........).#..
#'######..####.##.##.##.#.##.....
...............##.....#....#....#
..........###########.###....##..
..........##.########..<#..#.####
.............osO@................
.[....>.......#######.......#####
.........###.)..# #.......# #
.........# ##.#.# #.......#####
.........# #...# #............
.........# ##.<# #...........[
.........# #..# #............
.........# ##.## ###'##.......
########## #..######.##.......


You could see an ogre, a scorpion and an orc.

Vanquished Creatures
  The ghost of sand the Poker, an amateur HOMo of Beogh (D:3)
  An orc wizard (D:4)
  An adder (D:2)
  2 oozes (D:1)
  2 dart slugs (D:1)
  2 orcs (D:3)
  A bat (D:3)
  5 giant cockroaches
  6 goblins
  8 hobgoblins
  5 jackals
  8 kobolds
  2 quokkas
  4 frilled lizards
  4 rats
52 creatures vanquished.

Notes
Turn   | Place    | Note
-------+----------+-------------------------------------------
     0 | D:1      | polly the Gargoyle Fighter began the quest for the Orb.
     0 | D:1      | Reached XP level 1. HP: 14/14 MP: 1/1
    57 | D:1      | Reached XP level 2. HP: 18/19 MP: 2/2
   309 | D:1      | Reached XP level 3. HP: 18/23 MP: 3/3
  1172 | D:2      | Reached XP level 4. HP: 25/28 MP: 4/4
  1517 | D:3      | Noticed sand's ghost (amateur HOMo)
  1534 | D:3      | Killed sand's ghost
  1534 | D:3      | Reached XP level 5. HP: 18/33 MP: 5/5
  2147 | D:4      | Noticed an ogre
  2155 | D:4      | Noticed an ogre
  2549 | D:3      | Slain by an ogre

Vault maps used:
D:1:      dpeg_arrival_water_temple_mockup
D:2:      first_bread
D:4:      minmay_temple_entry_junction, uniq_eustachio

Skill      XL: |  1  2  3  4  5 |
---------------+----------------+-----
Armour         | 4 |  4.6
Maces & Flails | 3 |  3.3
Shields        | 4 |  4.2
Fighting       | 4 |  4.0
Dodging        | |  0.8
Stealth        | |  0.5

Action                   |  1- 3 |  4- 6 || total
-------------------------+-------+-------++-------
Melee: Flail             |   123 |    92 ||   215
  Use: Scroll            |       |     3 ||     3
  Eat: Chunk             |     1 |     4 ||     5
Armor: Scale mail        |    82 |    50 ||   132
       Plate armour      |       |    34 ||    34
Dodge: Dodged            |    46 |    32 ||    78
Block: Shield            |    76 |    64 ||   140
